 Dungeon Crawl Stone Soup version 0.28.0-1-gb440e238dd (webtiles) character file.

Game seed: 9883658495033449851

81 Morbidden the Skirmisher (level 4, 36/36 HPs)
             Began as a Demonspawn Fighter on Feb 21, 2022.
             Quit the game on level 2 of the Dungeon.
             The game lasted 00:01:38 (1395 turns).

Morbidden the Skirmisher (Demonspawn Fighter)       Turns: 1395, Time: 00:01:38

Health: 36/36      AC: 11    Str: 18    XL:     4   Next: 19%
Magic:  4/4        EV:  9    Int: 10    God:
Gold:   26         SH:  4    Dex: 12    Spells: 3/3 levels left

rFire   . . .      SeeInvis .   a - +0 war axe
rCold   . . .      Faith    .   c - +0 buckler
rNeg    . . .      Spirit   .   b - +0 scale mail
rPois   .          Reflect  .   (helmet restricted)
rElec   .          Harm     .   k - +0 cloak {Will+}
rCorr   .          Rampage  .   (no gloves)
Will    +....                   g - +0 pair of boots
Stlth   ..........              (no amulet)
HPRegen 0.12/turn               (no ring)
MPRegen 0.09/turn               (no ring)

@: no status effects
A: antennae 1, yellow scales 1
a: no special abilities


You were on level 2 of the Dungeon.
You visited 1 branch of the dungeon, and saw 2 of its levels.

You collected 26 gold pieces.

Inventory:

Hand Weapons
 a - a +0 war axe (weapon)
Missiles
 h - 5 poisoned darts (quivered)
Armour
 b - a +0 scale mail (worn)
 c - a +0 buckler (worn)
 g - a +0 pair of boots (worn)
 k - a +0 cloak of willpower (worn)
Jewellery
 e - a ring of see invisible
Scrolls
 f - 2 scrolls of vulnerability {unknown}
 j - a scroll of silence {unknown}
Potions
 d - a potion of might
 i - a potion of flight {unknown}


   Skills:
 + Level 3.6 Fighting
 + Level 2.4 Axes
 + Level 0.1 Throwing
 + Level 3.1 Armour
 + Level 0.4 Dodging
 + Level 0.2 Stealth
 + Level 3.2 Shields


You had 3 spell levels left.
You didn't know any spells.
Your spell library was empty.

Dungeon Overview and Level Annotations

Branches:
Dungeon (2/15)

Altars:


Innate Abilities, Weirdness & Mutations

You have a pair of small antennae on your head.
You are partially covered in yellow scales. (AC +2)


Message History

The hobgoblin hits you but does no damage.
You closely miss the hobgoblin.
The giant cockroach waves its antennae.
You block the hobgoblin's attack.
You hit the hobgoblin.
The hobgoblin is lightly wounded.
The hobgoblin hits you but does no damage.
The hobgoblin closely misses you.
You closely miss the hobgoblin.
The hobgoblin is lightly wounded.
The hobgoblin closely misses you.
You slash the hobgoblin!
You kill the hobgoblin!
The giant cockroach closely misses you.
You slash the giant cockroach!
You kill the giant cockroach!
The adder bites you but does no damage.
You barely miss the adder. The adder bites you but does no damage.
You block the adder's attack.
You barely miss the adder. You block the adder's attack.
The adder bites you but does no damage.
You hit the adder.
The adder is heavily wounded.
The adder bites you but does no damage.
You closely miss the adder.
The adder is heavily wounded.
The adder closely misses you. The adder bites you but does no damage.
You hit the adder but do no damage.
The adder is heavily wounded.
You block the adder's attack. The adder bites you but does no damage.
You slash the adder!
You kill the adder!
No target in view!
No target in view!
No target in view!
No target in view!
No target in view!
No target in view!
Unknown command.
Are you sure you want to abandon this character and quit the game? (Confirm with "yes".)

#. ##>## # #...# # #...#
# #...# # #
#####...######
##.#####...........#.
#$.†@$...............
......#####...).......#.
.#.#. #####...###### ..
#...# # ## #...# #...#
##.## #.# #### #.# #...


There were no monsters in sight!

Vanquished Creatures
  3 adders (D:2)
  3 dart slugs
  8 bats
  An endoplasm (D:2)
  2 giant cockroaches
  2 goblins (D:2)
  5 hobgoblins
  3 jackals (D:1)
  2 quokkas
  8 ball pythons
  A frilled lizard (D:2)
  6 kobolds
  2 rats (D:1)
46 creatures vanquished.

Vanquished Creatures (others)
  2 plants (D:1)
2 creatures vanquished.

Grand Total: 48 creatures vanquished

Notes
Turn   | Place    | Note
-------+----------+-------------------------------------------
     0 | D:1      | Morbidden the Demonspawn Fighter began the quest for the
                  | Orb.
     0 | D:1      | Reached XP level 1. HP: 18/18 MP: 1/1
   222 | D:1      | Found a faded altar of an unknown god.
   375 | D:1      | Gained mutation: You are partially covered in yellow
                  | scales. (AC +2) [demonic ancestry]
   375 | D:1      | Reached XP level 2. HP: 24/24 MP: 2/2
   754 | D:1      | Reached XP level 3. HP: 29/29 MP: 3/3
  1382 | D:2      | Gained mutation: You have a pair of small antennae on your
                  | head. [demonic ancestry]
  1382 | D:2      | Reached XP level 4. HP: 36/36 MP: 4/4
  1395 | D:2      | Quit the game

Illustrated notes

Levels and vault maps discovered:
D:1:      giann_bridges, layout_rooms, nicolae_ecumenical_lake_church,
          chequers_decorated_corner, minmay_strange_pillars,
          minmay_misc_feat_cross
D:2:      layout_loops_cross

Skill      XL: |  1  2 |
---------------+-------+-----
Axes           | 2 |  2.4
Armour         | 3 |  3.1
Shields        | 3 |  3.2
Fighting       | |  3.6
Throwing       | |  0.1
Dodging        | |  0.4
Stealth        | |  0.2

Action                   |  1- 3 |  4- 6 || total
-------------------------+-------+-------++-------
Melee: War axe           |   110 |    13 ||   123
Throw: Dart              |     4 |       ||     4
Armor: Scale mail        |    86 |     8 ||    94
Dodge: Dodged            |    66 |     4 ||    70
Block: Buckler           |    30 |     4 ||    34
